 Dungeon Crawl Stone Soup version 0.18.1-50-g88ac8fd (webtiles) character file.

607 magog001 the Shield-Bearer (level 7, 0/61 HPs)
             Began as a Hill Orc Fighter on Aug 16, 2018.
             Killed by divine providence
             ... invoked by an orc priest
              (14 damage)
             ... on level 4 of the Dungeon.
             The game lasted 00:14:24 (3007 turns).

magog001 the Shield-Bearer (Hill Orc Fighter)       Turns: 3007, Time: 00:14:25

Health: 0/61       AC: 12    Str: 21    XL:     7   Next: 43%
Magic:  7/7        EV:  6    Int:  8    God:
Gold:   145        SH: 10    Dex: 10    Spells: 0 memorised, 6 levels left

rFire  . . .     SeeInvis .     a - +1 war axe
rCold  . . .     Gourm    .     v - +0 chain mail
rNeg   . . .     Faith    .     c - +0 shield
rPois  .         Spirit   .     (no helmet)
rElec  .         Dismiss  .     (no cloak)
rCorr  .         Reflect  .     b - +0 pair of gloves
SustAt .         Harm     .     e - +0 pair of boots
MR     .....                    (no amulet)
Stlth  ..........               (no ring)
                                (no ring)

@: not resistant to hostile enchantments, extremely unstealthy
A: no striking features
a: Convert to Beogh


You were on level 4 of the Dungeon.
You were not hungry.

You visited 1 branch of the dungeon, and saw 4 of its levels.

You collected 145 gold pieces.

Inventory:

Hand Weapons
 a - a +1 war axe (weapon)
 d - a +0 hunting sling
 s - a +1 scythe of freezing
Missiles
 j - 3 needles of confusion
 m - 3 tomahawks (quivered)
 o - 23 sling bullets
 p - 19 bolts
 A - 34 poisoned needles
Armour
 b - a +0 pair of gloves (worn)
 c - a +0 shield (worn)
 e - a +0 pair of boots (worn)
 t - a cursed +0 helmet
 v - a +0 chain mail (worn)
Jewellery
 i - an uncursed ring of ice {unknown}
 u - an uncursed ring of fire {unknown}
Wands
 q - a wand of iceblast (1/15)
Scrolls
 h - a scroll of blinking {unknown}
 l - a scroll of fear
 n - a scroll of enchant armour {unknown}
Potions
 g - 2 potions of brilliance
 k - a potion of mutation {unknown}


   Skills:
 * Level 5.2 Fighting
 - Level 2.6 Axes
 * Level 5.8 Armour
 + Level 1.7 Dodging
 * Level 6.3 Shields


You had 6 spell levels left.
You didn't know any spells.

Dungeon Overview and Level Annotations

Branches:
Dungeon (4/15)
 Temple: D:4-7

Altars:
Pakellas
Qazlal


Message History

The orc priest is lightly wounded.
The orc priest calls down the wrath of Beogh upon you.
Beogh smites you! The orc priest hits you.
Your shield and chain mail prevent you from hitting the orc priest.
The orc priest casts a cantrip, but nothing happens.
You hit the orc priest.
The orc priest is moderately wounded.
The orc priest mumbles some strange prayers to Beogh against you.
Beogh smites you!
* * * LOW HITPOINT WARNING * * *
You block the orc priest's attack.
Your shield and chain mail prevent you from hitting the orc priest.
The orc priest is moderately wounded.
The orc priest hits you but does no damage.
Your shield and chain mail prevent you from hitting the orc priest.
The orc priest shouts, "Surrender to Beogh and we'll let you live!"
The orc priest is moderately wounded.
The orc priest mumbles some strange prayers to Beogh against you.
Beogh smites you!
You die...

# #.###.# ##
#. #....
...#.##..# #
#......<##.#
###........#
###...####
##.## #.#
#@# #o# ...
.....
....$..
.).......
+.........+
#.........#


You could see an orc priest.

Vanquished Creatures
  The ghost of pedritolo the Shooter, an amateur CeAM (D:3)
  Sigmund (D:3)
  2 orc priests
  Ijyb (D:3)
  A worker ant (D:4)
  2 adders
  An ooze (D:1)
  3 worms (D:2)
  2 giant geckos
  6 orcs
  A ball python (D:3)
  4 bats
  3 giant cockroaches (D:1)
  9 goblins
  12 hobgoblins
  11 kobolds
  7 giant newts
  9 rats
76 creatures vanquished.

Notes
Turn   | Place    | Note
--------------------------------------------------------------
     0 | D:1      | magog001 the Hill Orc Fighter began the quest for the Orb.
     0 | D:1      | Reached XP level 1. HP: 19/19 MP: 1/1
    65 | D:1      | Reached XP level 2. HP: 23/27 MP: 2/2
   228 | D:1      | Reached XP level 3. HP: 33/33 MP: 3/3
   409 | D:1      | Reached skill level 4 in Shields
   974 | D:2      | Reached XP level 4. HP: 36/40 MP: 4/4
  1414 | D:3      | Noticed pedritolo's ghost (amateur CeAM)
  2007 | D:3      | Killed pedritolo's ghost
  2007 | D:3      | Reached skill level 5 in Armour
  2007 | D:3      | Reached skill level 1 in Dodging
  2007 | D:3      | Reached skill level 5 in Shields
  2007 | D:3      | Reached XP level 5. HP: 26/47 MP: 5/5
  2007 | D:3      | Reached XP level 6. HP: 30/55 MP: 6/6
  2190 | D:3      | Found an oddly glowing altar of Pakellas.
  2617 | D:3      | Noticed Sigmund
  2627 | D:3      | Killed Sigmund
  2627 | D:3      | Reached skill level 5 in Fighting
  2627 | D:3      | Reached skill level 6 in Shields
  2627 | D:3      | Reached XP level 7. HP: 61/61 MP: 7/7
  2636 | D:3      | Found a stormy altar of Qazlal.
  2748 | D:3      | Noticed Ijyb
  2762 | D:3      | Killed Ijyb
  3007 | D:4      | Killed from afar by an orc priest

Skill      XL: |  1  2  3  4  5  6 |
---------------+-------------------+-----
Fighting       | 4 5 |  5.2
Shields        | 4 5 6 |  6.3
Armour         | 4 5 |  5.8
Dodging        | 1 |  1.7
Axes           | |  2.6

Action                   |  1- 3 |  4- 6 |  7- 9 || total
-------------------------+-------+-------+-------++-------
Melee: War axe           |   133 |    94 |    39 ||   266
Evoke: Wand              |       |     2 |     1 ||     3
  Use: Scroll            |       |     8 |       ||     8
       Potion            |       |     6 |       ||     6
  Eat: Chunk             |     1 |       |     1 ||     2
       Bread ration      |       |     1 |       ||     1
       Beef jerky        |       |     1 |       ||     1
Armor: Scale mail        |    35 |       |       ||    35
       Chain mail        |    36 |    48 |    19 ||   103
Dodge: Dodged            |    36 |    14 |     8 ||    58
Block: Shield            |    80 |    56 |    13 ||   149
